 Dungeon Crawl Stone Soup version 0.30-a0-757-ga6a79fd877 (webtiles) character file.

Game seed: 2991187120401190420

5478 retardedninja the Ruffian (level 10, -7/100 HPs)
             Began as a Troll Fighter on Feb 9, 2023.
             Mangled by a yak (11 damage)
             ... on level 1 of the Lair of Beasts.
             The game lasted 00:18:08 (7959 turns).

retardedninja the Ruffian (Troll Fighter)           Turns: 7959, Time: 00:18:08

Health: -7/100     AC:  6    Str: 30    XL:     10   Next: 42%
Magic:  9/9        EV: 11    Int:  4    God:
Gold:   300        SH:  0    Dex: 15    Spells: 9/9 levels left

rFire   . . .      SeeInvis .      - Unarmed
rCold   . . .      Faith    .    b - +0 kite shield
rNeg    . . .      Spirit   .    a - +1 robe
rPois   +          Reflect  .    (helmet restricted)
rElec   .          Harm     .    k - +0 cloak {Stlth+}
rCorr   .          Rampage  .    (gloves unavailable)
Will    .....                    (boots unavailable)
Stlth   ++                       (no amulet)
HPRegen 1.16/turn                u - ring of poison resistance
MPRegen 0.11/turn                c - +6 ring of dexterity

@: confused, mighty, ambrosia-drunk
A: large, unfitting armour, claws 3, regeneration 1, shaggy fur 1, tough skin 1
a: no special abilities


You were on level 1 of the Lair of Beasts.
You visited 3 branches of the dungeon, and saw 10 of its levels.
You also visited: Bailey.

You collected 300 gold pieces.

Inventory:

Missiles
 x - 2 large rocks (quivered)
Armour
 a - a +1 robe (worn)
 b - a +0 kite shield (worn)
 k - a +0 cloak of stealth (worn)
Jewellery
 c - a +6 ring of dexterity (right claw)
 i - a ring of protection from cold
 u - a ring of poison resistance (left claw)
Wands
 h - a wand of roots (13)
 m - a wand of polymorph (5)
 q - a wand of light (6)
 y - a wand of mindburst (13)
 B - a wand of flame (52)
Scrolls
 d - 5 scrolls of teleportation
 l - a scroll of fog
 z - a scroll of vulnerability
Potions
 e - 2 potions of lignification
 g - 2 potions of curing
 j - 2 potions of flight
 o - 3 potions of attraction
 r - a potion of might
 s - 2 potions of magic
 w - a potion of berserk rage {unknown}
 D - a potion of degeneration {unknown}
 E - 2 potions of brilliance {unknown}
 G - a potion of resistance {unknown}


   Skills:
 + Level 6.5 Fighting
 + Level 5.7 Throwing
 + Level 6.4 Dodging
 + Level 7.0 Shields
 + Level 7.4 Unarmed Combat


You had 9 spell levels left.
You didn't know any spells.
Your spell library contained the following spells:

 Spells                   Type           Power      Damage    Failure   Level
 Ignite Poison            Fire/Tmut/Pois 0%         N/A       98%         3
 Ozocubu's Armour         Ice            0%         N/A       98%         3
 Sticky Flame             Conj/Fire      0%         2d3       100%        4
 Ozocubu's Refrigeration  Ice            0%         4d7       100%        7
 Ignition                 Fire           0%         3d3       100%        8


Dungeon Overview and Level Annotations

Branches:
Dungeon (8/15)             Temple (1/1) D:5            Lair (1/5) D:8
 Bailey (visited)

Altars:
Ashenzari
Cheibriados
Dithmenos
Elyvilon
Fedhas
Hepliaklqana
Kikubaaqudgha
Nemelex Xobeh
Okawaru
Ru
Sif Muna
Trog
Uskayaw
Vehumet
Wu Jian
Xom
Zin
The Shining One

Shops:
D:4 [   D:6 [


Innate Abilities, Weirdness & Mutations

You are too large for most types of armour.
You have claws for hands.
Your natural rate of healing is unusually fast.
You are covered in fur. (AC +1)
You have tough skin. (AC +1)


Message History

The yak is severely wounded.
You block the yak's attack. The yak closely misses you. The yak gores you!
* * * LOW HITPOINT WARNING * * *
The yak misses you.
Aiming: Polymorph
Press: ? - help, Q - select action, (/) - cycle Shift-Dir - straight line, f - yak
Aim: a yak (lightly wounded, will become a basilisk, a troll, or a black bear, chance to affect: 49%)
The yak evaporates and reforms as a basilisk!
The yak gores you but does no damage. The yak gores you.
* * * LOW HITPOINT WARNING * * *
The yak gores you!
* * * LOW HITPOINT WARNING * * *
Sorry, you're not good enough to have a special ability.
You feel better.
The basilisk bites you but does no damage.
The yak barely misses you. The yak closely misses you.
The yak barely misses you.
As you read the scroll labelled IDOTIADYU, it crumbles to dust.
Your body is wracked with pain!
* * * LOW HITPOINT WARNING * * *
The yak convulses!
The basilisk convulses!
The yak convulses! x2
It was a scroll of torment.
The basilisk gazes at you. You resist with some effort.
The yak completely misses you. You block the yak's attack. x2
You feel better.
The basilisk bites you but does no damage.
The yak gores you.
* * * LOW HITPOINT WARNING * * *
The yak barely misses you. x2
You feel better. The basilisk bites you!
* * * LOW HITPOINT WARNING * * *
You block the yak's attack. The yak barely misses you. The yak gores you!
* * * LOW HITPOINT WARNING * * *
Sorry, you're not good enough to have a special ability.
You are confused.
You feel invigorated. The basilisk bites you!
* * * LOW HITPOINT WARNING * * *
The yak barely misses you. The yak gores you!
You die...

........................
........................
......$.................
###+###........_...##...
+..................##...
#.....$............##...
#.....#.......#.....#...
#.....#lY.....#....+....
#......@Y.....##...##?
#.....#.Y.....# ..).
......#........# ..#
...). #.......#. ##.#+
#.......# ... ..........
# ##.####### ###


You could see 3 yaks and a basilisk.

Vanquished Creatures
  Pikel (D:6)
  2 cane toads (Lair:1)
  A rime drake (D:7)
  Sigmund (D:2)
  Menkaure (D:6)
  An acid dragon (D:5)
  A water moccasin (D:6)
  4 black bears
  2 orc warriors
  6 ice beasts
  2 centaurs
  An ogre (D:7)
  3 wolves
  3 bullfrogs
  A gnoll sergeant (D:5)
  2 scorpions
  10 wights
  4 hounds
  5 orc priests
  A gnoll bouda (D:7)
  2 jellies (D:5)
  An iguana (D:5)
  10 orc wizards
  Robin (D:2)
  12 adders
  6 gnolls
  3 ufetubi
  3 worms
  2 dart slugs
  22 orcs
  6 ball pythons
  10 endoplasms
  A giant cockroach (D:3)
  23 goblins
  9 hobgoblins
  9 jackals
  6 quokkas
  4 bats
  4 frilled lizards
  11 kobolds
197 creatures vanquished.

Vanquished Creatures (collateral kills)
  2 yaks (Lair:1)
2 creatures vanquished.

Grand Total: 199 creatures vanquished

Notes
Turn   | Place    | Note
-------+----------+-------------------------------------------
     0 | D:1      | retardedninja the Troll Fighter began the quest for the
                  | Orb.
     0 | D:1      | Reached XP level 1. HP: 22/22 MP: 0/0
   216 | D:1      | Reached XP level 2. HP: 29/29 MP: 1/1
   571 | D:1      | Reached XP level 3. HP: 36/36 MP: 2/2
   918 | D:2      | Noticed Robin
   949 | D:2      | Killed Robin
  1086 | D:2      | Noticed Sigmund
  1088 | D:2      | Found a shadowy altar of Dithmenos.
  1094 | D:2      | Killed Sigmund
  1095 | D:2      | Reached XP level 4. HP: 23/45 MP: 3/3
  1095 | D:2      | Reached XP level 5. HP: 28/53 MP: 4/4
  1782 | D:3      | Reached XP level 6. HP: 61/61 MP: 5/5
  1978 | D:3      | Found a blossoming altar of Fedhas.
  1986 | D:3      | Found a hide-covered altar of Uskayaw.
  1989 | D:3      | Found a snail-covered altar of Cheibriados.
  1994 | D:3      | Found a sparkling altar of Nemelex Xobeh.
  2002 | D:3      | Found a glowing golden altar of the Shining One.
  2410 | D:4      | Reached skill level 1 in Throwing
  2460 | D:4      | Found Neducu's Armour Shop.
  2603 | D:4      | Reached XP level 7. HP: 57/68 MP: 6/6
  2873 | D:5      | Entered Level 5 of the Dungeon
  2873 | D:5      | Found a broken altar of Ashenzari.
  2873 | D:5      | Found a staircase to the Ecumenical Temple.
  2888 | Temple   | Entered the Ecumenical Temple
  3318 | D:5      | Found a hazy altar of Hepliaklqana.
  3470 | D:5      | Reached XP level 8. HP: 45/79 MP: 7/7
  3660 | D:5      | Found a shimmering blue altar of Sif Muna.
  3822 | D:6      | Reached skill level 5 in Shields
  3822 | D:6      | Reached skill level 5 in Unarmed Combat
  3965 | D:6      | Noticed Menkaure
  3967 | D:6      | Killed Menkaure
  3968 | D:6      | Reached skill level 5 in Fighting
  3982 | D:6      | Reached skill level 5 in Dodging
  4019 | D:6      | Found Vuhimes's Antique Armour Emporium.
  4038 | D:6      | Noticed Pikel
  4046 | D:6      | Killed Pikel
  4047 | D:6      | Reached XP level 9. HP: 76/88 MP: 8/8
  4794 | D:7      | Found a flagged portal.
  4809 | Bailey   | Entered a bailey
  4994 | Bailey   | Noticed an orc knight
  6348 | D:7      | Reached skill level 5 in Throwing
  6551 | D:8      | Found a glowing silver altar of Zin.
  6576 | D:8      | Noticed a rime drake
  6612 | D:7      | Killed a rime drake
  6613 | D:7      | Reached XP level 10. HP: 34/98 MP: 9/9
  7081 | D:8      | Found a staircase to the Lair.
  7407 | D:8      | Found an ornate altar of the Wu Jian Council.
  7522 | Lair:1   | Entered Level 1 of the Lair of Beasts
  7529 | Lair:1   | Noticed a cane toad
  7548 | Lair:1   | Killed a cane toad
  7641 | Lair:1   | Found a radiant altar of Vehumet.
  7648 | Lair:1   | Noticed a cane toad
  7661 | Lair:1   | Killed a cane toad
  7958 | Lair:1   | HP: 4/100 [yak (10)]
  7959 | Lair:1   | Mangled by a yak

Illustrated notes

Levels and vault maps discovered:
D:1:      shiori_shiawase, layout_basic, bh_walls_and_bars
D:2:      layout_rooms, basic_altar, hangedman_decor_growths, uniq_robin,
          uniq_sigmund
D:3:      layout_loops_ring, nicolae_overflow_hallway_of_the_gods,
          minmay_misc_feat_tower, chequers_arboretum, cheibrodos_gnoll_hut
D:4:      layout_loops_ring, serial_shops, nicolae_shop_stone
D:5:      layout_loops_ring, mainiacjoe_overflow_catwalk,
          overflow_temple_1_default, mainiacjoe_overflow_surrounded_room,
          temple_statues
D:6:      layout_cave_pools, serial_shops, shop, hangedman_decor_slide_cut,
          uniq_pikel, uniq_menkaure
D:7:      layout_basic, enter_bailey_2
D:8:      layout_rooms, mainiacjoe_overflow_catwalk_spiral,
          hellmonk_lair_entry_icy
Temple:   chequers_temple_sunken
Lair:1:   gammafunk_indiana_jones, layout_regular_city, basic_altar,
          infiniplex_staircase_pool

Skill      XL: |  1  2  3  4  5  6  7  8  9 10 |
---------------+-------------------------------+-----
Shields        | 3 4 5 6 7 |  7.0
Fighting       | 3 4 5 6 |  6.5
Dodging        | 3 4 5 6 |  6.4
Unarmed Combat | 3 4 5 6 7 |  7.4
Throwing       | 1 2 4 5 |  5.7

Action                     |  1- 3 |  4- 6 |  7- 9 | 10-12 || total
---------------------------+-------+-------+-------+-------++-------
  Melee: Unarmed           |   134 |   138 |   299 |    67 ||   638
  Throw: Large rock        |       |    22 |    12 |     6 ||    40
  Evoke: Wand              |       |       |     7 |     1 ||     8
    Use: Potion            |     3 |     1 |     9 |     7 ||    20
         Scroll            |       |       |    18 |     4 ||    22
   Stab: Sleeping          |     1 |     1 |     6 |       ||     8
         Invisible         |       |       |     1 |       ||     1
 Armour: Robe              |    52 |    35 |    87 |    16 ||   190
  Dodge: Dodged            |    57 |    50 |   156 |    34 ||   297
  Block: Kite shield       |    57 |    48 |   176 |    50 ||   331

Table legend: (Time is in decaauts)
 A = Elapsed time spent in this place.
 B = Non-inter-level travel time spent in this place.
 C = Inter-level travel time spent in this place.
 D = Time resting spent in this place.
 E = Time spent auto-exploring this place.
 F = Levels seen in this place.
 G = Mean time per level.
                   A        B        C        D        E       F      G
               +--------+--------+--------+--------+--------+-----+--------+
         Total |   8028 |   7899 |    129 |   2506 |   3473 |  11 |  729.8 |
       Dungeon |   7356 |   7227 |    129 |   2056 |   3473 |   8 |  919.5 |
        Temple |     29 |     29 |      0 |      0 |      0 |   1 |   29.0 |
          Lair |    435 |    435 |      0 |    331 |      0 |   1 |  435.0 |
        Bailey |    206 |    206 |      0 |    119 |      0 |   1 |  206.0 |
               +--------+--------+--------+--------+--------+-----+--------+

Top non-repeatable levels by time:
     D:7: 1754 daAuts
     D:6: 962 daAuts
     D:5: 897 daAuts
     D:8: 824 daAuts
     D:1: 818 daAuts
     D:3: 790 daAuts
     D:2: 713 daAuts
     D:4: 596 daAuts
  Lair:1: 435 daAuts
  Bailey: 206 daAuts
  Temple: 29 daAuts
